Unix NetHack Version 3.7.0-53 Work-in-progress - last build Mar 21 2022 02:33:53 (e25487e73a26563eb890138f5364dfe52547422e,branch:master). Game began 2022-03-24 15:08:37, ended 2022-03-24 15:15:38. Gandelf, neutral male human Monk ------ --.|..| |.....--- --- --...)..| --- |.-- - |....#.| --.-----.| #-- -.#- |......--|....|...| ..| .... --......--.......-- ..--... |.|.........----- ....... |.|--.-.....| ......- |.|--......--- ...... |.|..........| .... ---..........#.| !...-# |...|........|.| ----- ....#-- ..- |.----....---..-----#-...-- ------%.........- --.| |....| |...--........----.@G.%.....-- |.<- --.--- ---...............h..........| |...| --- --.............#-----......- --..| |......---.-##- ...?.....| ---- ---.---- --- --.|.----- --- ---- Gandelf the Novice St:15 Dx:13 Co:14 In:11 Wi:12 Ch:10 Neutral S:305 Dlvl:3 $:9 HP:0(24) Pw:15(15) AC:4 Xp:3/49 T:1182 Latest messages: You already found a monster. Use 'm' prefix to force another search. You already found a monster. Use 'm' prefix to force another search. You already found a monster. Use 'm' prefix to force another search. You already found a monster. Use 'm' prefix to force another search. You already found a monster. Use 'm' prefix to force another search. You already found a monster. Use 'm' prefix to force another search. You already found a monster. Use 'm' prefix to force another search. You already found a monster. Use 'm' prefix to force another search. You already found a monster. Use 'm' prefix to force another search. You already found a monster. Use 'm' prefix to force another search. You already found a monster. Use 'm' prefix to force another search. You already found a monster. Use 'm' prefix to force another search. You already found a monster. Use 'm' prefix to force another search. You already found a monster. Use 'm' prefix to force another search. You already found a monster. Use 'm' prefix to force another search. You already found a monster. Use 'm' prefix to force another search. You already found a monster. Use 'm' prefix to force another search. You already found a monster. Use 'm' prefix to force another search. You already found a monster. Use 'm' prefix to force another search. Are you waiting to get hit? Use 'm' prefix to force a no-op (to rest). You already found a monster. Use 'm' prefix to force another search. Are you waiting to get hit? Use 'm' prefix to force a no-op (to rest). You already found a monster. Use 'm' prefix to force another search. Are you waiting to get hit? Use 'm' prefix to force a no-op (to rest). You already found a monster. Use 'm' prefix to force another search. Are you waiting to get hit? Use 'm' prefix to force a no-op (to rest). You already found a monster. Use 'm' prefix to force another search. Are you waiting to get hit? Use 'm' prefix to force a no-op (to rest). You already found a monster. Use 'm' prefix to force another search. Are you waiting to get hit? Use 'm' prefix to force a no-op (to rest). You already found a monster. Use 'm' prefix to force another search. Are you waiting to get hit? Use 'm' prefix to force a no-op (to rest). You already found a monster. Use 'm' prefix to force another search. Are you waiting to get hit? Use 'm' prefix to force a no-op (to rest). Are you waiting to get hit? Use 'm' prefix to force a no-op (to rest). Are you waiting to get hit? Use 'm' prefix to force a no-op (to rest). Are you waiting to get hit? Use 'm' prefix to force a no-op (to rest). Are you waiting to get hit? Use 'm' prefix to force a no-op (to rest). Are you waiting to get hit? Use 'm' prefix to force a no-op (to rest). Are you waiting to get hit? Use 'm' prefix to force a no-op (to rest). Are you waiting to get hit? Use 'm' prefix to force a no-op (to rest). The gnome hits! The dwarf swings his pick-axe. The dwarf hits! You die... Do you want your possessions identified? [ynq] (y) y Do you want to see your attributes? [ynq] (y) y Do you want an account of creatures vanquished? [ynaq] (y) y Do you want to see your conduct and achievements? [ynq] (y) y Do you want to see the dungeon overview? [ynq] (y) y Major events: Turn 1: Gandelf the neutral male human Monk entered the dungeon 1065: entered the Gnomish Mines 1104: attained the rank of Novice (level 3) 1182: killed by a dwarf Inventory: Coins $ - 9 gold pieces Amulets m - a blessed amulet of ESP Weapons u - 11 +1 crossbow bolts z - 4 +0 daggers Armor a - an uncursed +2 pair of leather gloves (being worn) b - an uncursed +1 robe (being worn) Comestibles y - an uncursed slime mold g - 6 uncursed apples v - an uncursed clove of garlic f - 3 uncursed food rations n - an uncursed partly eaten food ration i - 3 uncursed fortune cookies h - 5 uncursed oranges j - an uncursed tin of stir fried jackal meat Scrolls d - a blessed scroll of destroy armor Spellbooks c - a blessed spellbook of confuse monster Potions s - 4 potions of holy water Tools k - a cursed +0 pick-axe (weapon in hand) Gems/Stones p - an uncursed opal o - 5 uncursed worthless pieces of blue glass q - 3 uncursed worthless pieces of yellowish brown glass l - 10 uncursed rocks Gandelf the Monk's attributes: Background: You were a Novice, a level 3 male human Monk. You were neutral, on a mission for Chih Sung-tzu who was opposed by Shan Lai Ching (lawful) and Huan Ti (chaotic). You were in the Gnomish Mines, on level 3. You entered the dungeon 1182 turns ago. You had 49 experience points, 31 more were needed to attain level 4. Your score was 305 before end-of-game adjustments. Basics: You had 0 out of 24 hit points. You had all 15 energy points (spell power). Your armor class was 4. Your wallet contained 9 zorkmids. Autopickup was off. Final Characteristics: Your strength was 15 (limit:18/100). Your dexterity was 13 (limit:18). Your constitution was 14 (limit:18). Your intelligence was 11 (limit:18). Your wisdom was 12 (limit:18). Your charisma was 10 (limit:18). Final Status: You were not hungry. You were unencumbered. You were wielding a pick-axe. You had no skill with pick-axe. Final Attributes: You were devoutly aligned. You were sleep resistant. You were poison resistant. You saw invisible. You were guarded. You were fast. You are dead. Miscellaneous: You never encountered a bones level. Total elapsed playing time was 7 minutes and 1 second. Vanquished creatures: a little dog a hobbit 5 gnomes 2 foxes a goblin 7 grid bugs 3 lichens 2 kobold zombies 3 newts 25 creatures vanquished. No species were genocided or became extinct. Voluntary challenges: You followed a strict vegan diet. You read items or engraved 2 times. You engraved Elbereth 1 time. You never genocided any monsters. You never polymorphed an object. You never changed form. You used no wishes. Achievements: You entered the Gnomish Mines. You attained the rank of Novice. The Dungeons of Doom: levels 1 to 2 Level 1: An altar to Chih Sung-tzu, many fountains. Level 2: Stairs down to The Gnomish Mines. The Gnomish Mines: Level 3: <- You were here. Final resting place for you, killed by a dwarf. Game over: ---------- / \ / REST \ / IN \ / PEACE \ / \ | Gandelf | | 9 Au | | killed by a | | dwarf | | | | | | 2022 | *| * * * | * _________)/\\_//(\/(/\)/\//\/|_)_______ Goodbye Gandelf the Monk... You died in The Gnomish Mines on dungeon level 3 with 305 points, and 9 pieces of gold, after 1182 moves. You were level 3 with a maximum of 24 hit points when you died.